 Dungeon Crawl Stone Soup version 0.27.0-1-g7a089689b8 (webtiles) character file.

Game seed: 8740999835587837606

23 Crownlay the Chopper (level 2, 26/26 HPs)
             Began as a Hill Orc Fighter on Aug 13, 2021.
             Was a Follower of Kikubaaqudgha.
             Quit the game on level 1 of the Dungeon.
             The game lasted 00:01:28 (896 turns).

Crownlay the Chopper (Hill Orc Fighter)              Turns: 896, Time: 00:01:29

Health: 26/26      AC:  6    Str: 18    XL:     2   Next: 95%
Magic:  2/2        EV:  9    Int:  8    God:    Kikubaaqudgha [*.....]
Gold:   38         SH:  0    Dex: 10    Spells: 1/1 levels left

rFire    . . .     SeeInvis .   a - +0 war axe
rCold    . . .     Faith    .   (no shield)
rNeg     . . .     Spirit   .   b - +0 scale mail
rPois    .         Reflect  .   (no helmet)
rElec    .         Harm     .   (no cloak)
rCorr    .         Rampage  .   (no gloves)
Will     .....                  (no boots)
Stlth    ..........             (no amulet)
HPRegen  0.08/turn              (no ring)
MPRegen  0.08/turn              (no ring)

@: no status effects
A: no striking features
a: Renounce Religion, Receive Corpses


You were on level 1 of the Dungeon.
You worshipped Kikubaaqudgha.
Kikubaaqudgha was aware of your devotion.
You visited 1 branch of the dungeon, and saw 1 of its levels.

You collected 38 gold pieces.

Inventory:

Hand Weapons
 a - a +0 war axe (weapon)
Missiles
 k - 5 boomerangs (quivered)
Armour
 b - a +0 scale mail (worn)
 c - a +0 kite shield
Scrolls
 e - 2 scrolls of identify {unknown}
 g - a scroll of summoning {unknown}
 h - a scroll of fear {unknown}
 i - a scroll of enchant weapon {unknown}
 l - a scroll of torment {unknown}
Potions
 d - a potion of might
 f - a potion of curing {unknown}
 j - a potion of attraction {unknown}


   Skills:
 - Level 3.6 Fighting
 + Level 4.5 Axes
 - Level 3.2 Armour
 - Level 3.2 Shields


You had one spell level left.
You didn't know any spells.
Your spell library contained the following spells:

 Spells                   Type           Power      Damage    Failure   Level
 Pain                     Necr           0%         1d4       80%         1
 Corpse Rot               Necr/Air       N/A        N/A       90%         2
 Sublimation of Blood     Necr           0%         N/A       90%         2
 Vampiric Draining        Necr           0%         2d6       99%         3


Dungeon Overview and Level Annotations

Branches:
Dungeon (1/15)

Altars:
Kikubaaqudgha


Message History

The goblin moves out of view.
Found 17 gold pieces.
The goblin hits you but does no damage.
You completely miss the goblin. You hit the goblin.
You kill the goblin!
The goblin hits you but does no damage.
You closely miss the goblin. The goblin hits you with a +0 dagger.
The goblin hits you but does no damage.
You barely miss the goblin. The goblin hits you but does no damage.
You miss the goblin. The goblin barely misses you.
You hit the goblin.
You kill the goblin!
No target in view!
No target in view!
No target in view!
No target in view!
You see here a +0 club.
Found 8 gold pieces.
Found a scroll labelled SUIKESS XIPTUPP.
l - a scroll labelled SUIKESS XIPTUPP You now have 21 gold pieces (gained 8).
You now have 38 gold pieces (gained 17).
Things that are here:
a +0 dagger; a goblin corpse You see here a +0 club.
You open the door.
There is an open door here.
Partly explored, can't reach some places.
Partly explored, can't reach some places.
You see here a +0 club.
There is a shaft here.
There is a faded altar of an unknown god here.
You cannot tell which god this altar belongs to.
Convert to them anyway?
Kikubaaqudgha accepts your prayer! Kikubaaqudgha welcomes you!
You can now receive cadavers from Kikubaaqudgha.
Kikubaaqudgha grants you a gift!
You add the spells Pain, Sublimation of Blood, Corpse Rot and Vampiric Draining to your library.
Okay, then.
Are you sure you want to abandon this character and quit the game? (Confirm with "yes".)

.# #............# '##
#............# ..# ####.....#....
..#### #.........### ..'..#
#.#.####..#.. ..##.#
#......#..#.# ..##.#
######.##.#..#.. ..##'########
###.........#..###
............####@#...#.....#..###
...............#^#......#.##.....
............####.#............###
............# #......###.#####
##..........# ##.....#......#
############ #.....#.#.##.#
#####.#.#.##.# #)#.#....#
#.#...####


There were no monsters in sight!

Vanquished Creatures
  A dart slug (D:1)
  2 bats (D:1)
  An endoplasm (D:1)
  A giant cockroach (D:1)
  3 goblins (D:1)
  3 hobgoblins (D:1)
  3 ball pythons (D:1)
  3 kobolds (D:1)
  2 rats (D:1)
19 creatures vanquished.

Notes
Turn   | Place    | Note
-------+----------+-------------------------------------------
     0 | D:1      | Crownlay the Hill Orc Fighter began the quest for the Orb.
     0 | D:1      | Reached XP level 1. HP: 19/19 MP: 1/1
    30 | D:1      | Reached skill level 3 in Axes
   194 | D:1      | Reached XP level 2. HP: 21/26 MP: 2/2
   333 | D:1      | Reached skill level 4 in Axes
   677 | D:1      | Found a faded altar of an unknown god.
   895 | D:1      | Became a worshipper of Kikubaaqudgha
   895 | D:1      | Reached * piety under Kikubaaqudgha
   895 | D:1      | Received a gift from Kikubaaqudgha
   896 | D:1      | Quit the game

Illustrated notes

Levels and vault maps discovered:
D:1:      lightli_arrival_statue_moat, layout_basic,
          hellmonk_ecumenical_altar_leap_of_faith, minmay_crystal_room,
          lemuel_another_geyser

Skill      XL: |  1  2 |
---------------+-------+-----
Axes           | 3 4 |  4.5
Fighting       | |  3.6
Armour         | |  3.2
Shields        | |  3.2

Action                   || total
-------------------------++-------
Melee: War axe           ||    47
Armor: Scale mail        ||    22
Dodge: Dodged            ||    29
